 Dungeon Sprint DCSS version 0.32-a0-468-g38b2580584 (webtiles) character file.

Game seed: 13774149576581021787

475638 rocky1 the Skullcrusher (level 21, -16/265 HPs)
             Began as an Oni Gladiator on Feb 25, 2024.
             Was an Initiate of Gozag.
             Demolished by Mnoleg (20 damage)
             ... in the Dungeon (Sprint IX: "|||||||||||||||||||||||||||||").
             The game lasted 00:59:34 (17747 turns).

rocky1 the Skullcrusher (Oni Gladiator)            Turns: 17747, Time: 01:00:04

Health: -16/265    AC: 43    Str: 28    XL:     21   Next: 36%
Magic:  52/52      EV: 11    Int: 19    God:    Gozag
Gold:   6208       SH:  0    Dex: 12    Spells: 52/74 levels left

rFire   + + .        B - +2 giant club "Ypniuden" {heavy, rF- Int+3 Dex+3 SInv}
rCold   + + +        (shield currently unavailable)
rNeg    + . .        a - +11 gold dragon scales
rPois   +            x - +3 hat of the Harp {Regen+ rCorr Int-3 Slay+5}
rElec   +            d - +0 cloak of Liberty {Rampage rElec}
rCorr   +            (gloves unavailable)
SInv    +            (boots unavailable)
Will    +....        Y - amulet of Vitality {RegenMP++ Regen++} Stlth
                     G - ring of Divine Compulsion {Fly rN+ Will+ Stlth+}
HPRegen 3.04/turn    H - ring "Evvolixi" {rF+ rC+ Str+3}
MPRegen 1.13/turn

%: no teleportation, clarity, rampage
@: mighty, lethally poisoned (-16 -> -18), resistant, weak-willed, flying,
hasted and slowed, constricted
A: large, unfitting armour, horns 1, tough skin 1, double potion healing,
drunken brawling, clarity, clever 1, wild magic 1, evolution 1, MP-powered wands
}: 9/17 runes: decaying, serpentine, barnacled, slimy, elven, silver, golden,
abyssal, gossamer
a: Renounce Religion, Potion Petition, Call Merchant, Bribe Branch


You were in the Dungeon.
You worshipped Gozag.
Gozag was greatly pleased with you.
You visited 1 branch You collected 53762 gold pieces.
You spent 14508 gold pieces at shops.
You paid 33046 gold pieces to Gozag.

Inventory:

Hand Weapons
 g - a +9 giant spiked club of draining
 p - a +7 heavy morningstar
 B - the +2 giant club "Ypniuden" (weapon) {heavy, rF- Int+3 Dex+3 SInv}
   (You bought it in a shop in the Dungeon)

   Int+3:     It affects your intelligence (+3).
   Dex+3:     It affects your dexterity (+3).
   rF-:       It makes you vulnerable to fire.
   SInv:      It lets you see invisible.
 J - a +2 sacred scourge of holy wrath
Missiles
 e - 21 large rocks
 U - a throwing net
Armour
 a - +11 gold dragon scales (worn)
 d - the +0 cloak of Liberty (worn) {Rampage rElec}
   (You found it in the Dungeon)

   rElec:     It insulates you from electricity.
   Rampage:   It bestows one free step when moving towards enemies.
 x - the +3 hat of the Harp (worn) {Regen+ rCorr Int-3 Slay+5}
   (You bought it in a shop in the Dungeon)

   Int-3:     It affects your intelligence (-3).
   Slay+5:    It affects your accuracy & damage with ranged weapons and melee
   (+5).
   Regen+:    It increases your rate of health regeneration.
   rCorr:     It protects you from acid and corrosion.
 y - the +5 acid dragon scales "Xar Siul" {rN++ rCorr}
   (You bought it in a shop in the Dungeon)

   rN++:      It greatly protects you from negative energy.
   rCorr:     It protects you from acid and corrosion.
 K - the orb of Dispater {+Damnation *Corrode AC+5}
   (You took it off Dispater in the Dungeon)

   +Damnation: It grants the ability to hurl damnation at the cost of health and
   magic, with strength depending on Evocations skill.
   AC+5:      It affects your AC (+5).
   *Corrode:  It may corrode you when you take damage.
 Q - the +2 hood of the Assassin {Detect Stab+ Stlth++}
   (You found it in the Dungeon)

   Detect:    It allows the wearer to sense nearby creatures.
   Stab+:     It allows the wearer to make particularly effective stabbing
   attacks against helpless or unaware enemies with any weapon.
   Stlth++:   It makes you much more stealthy.
 R - a +0 cloak of preservation
Jewellery
 r - the ring of Impatience {rElec rCorr Str+4 Dex+6}
   (You found it in the Dungeon)

   [ring of dexterity]

   Str+4:     It affects your strength (+4).
   Dex+6:     It affects your dexterity (+6).
   rElec:     It insulates you from electricity.
   rCorr:     It protects you from acid and corrosion.
 G - the ring of Divine Compulsion (left hand) {Fly rN+ Will+ Stlth+}
   (You bought it in a shop in the Dungeon)

   [ring of flight]

   rN+:       It protects you from negative energy.
   Will+:     It increases your willpower.
   Fly:       It grants you flight.
   Stlth+:    It makes you more stealthy.
 H - the ring "Evvolixi" (right hand) {rF+ rC+ Str+3}
   (You bought it in a shop in the Dungeon)

   [ring of protection from fire]

   Str+3:     It affects your strength (+3).
   rF+:       It protects you from fire.
   rC+:       It protects you from cold.
 Y - the amulet of Vitality (around neck) {RegenMP++ Regen++}
   (You bought it in a shop in the Dungeon)

   [amulet of magic regeneration]

   RegenMP:   It increases your rate of magic regeneration.
   Regen++:   It increases your rate of health regeneration.
Wands
 c - a wand of paralysis (10)
 m - a wand of roots (10)
 s - a wand of polymorph (14)
Scrolls
 l - 2 scrolls of amnesia
 n - a scroll of torment
 t - 6 scrolls of fear
 v - 4 scrolls of fog
 C - 2 scrolls of poison
 F - a scroll of vulnerability
Potions
 b - 4 potions of brilliance
 f - 5 potions of curing
 i - 8 potions of magic
 o - 4 potions of haste
 q - 3 potions of might
 z - a potion of attraction
 A - a potion of ambrosia
 D - 6 potions of berserk rage
 E - 2 potions of mutation
 I - 2 potions of invisibility
Miscellaneous
 w - a phantom mirror


   Skills:
 O Level 27 Fighting
 - Level 3.2(3.7) Short Blades
 - Level 2.8(3.5) Long Blades
 - Level 3.1(18.4) Axes
 O Level 27 Maces & Flails
 - Level 3.1(4.3) Polearms
 - Level 3.1(18.4) Staves
 - Level 2.2 Ranged Weapons
 - Level 3.4 Throwing
 O Level 27 Armour
 O Level 27 Dodging
 - Level 2.5 Stealth
 + Level 22.9 Shields
 - Level 2.8 Unarmed Combat
 O Level 27 Spellcasting
 + Level 26.0 Conjurations
 - Level 2.7 Hexes
 - Level 3.2 Summonings
 - Level 3.2 Necromancy
 - Level 3.2 Translocations
 - Level 3.2 Fire Magic
 - Level 3.2 Ice Magic
 O Level 27 Air Magic
 - Level 3.1 Earth Magic
 - Level 3.1 Alchemy
 - Level 4.3 Invocations
 + Level 12.9 Evocations
 - Level 3.2 Shapeshifting


You had 52 spell levels left.
You knew the following spells:

 Your Spells              Type           Power      Damage    Failure   Level
a - Maxwell's Capacitive  Air            52%        ∞         1%          8
b - Chain Lightning       Conj/Air       52%        3d69      21%         9
c - Silence               Hex/Air        41%        N/A       1%          5

Your spell library contained the following spells:

 Spells                   Type           Power      Damage    Failure   Level
 Dazzling Flash           Conj/Hex       100%       N/A       1%          3
 Hailstorm                Conj/Ice       81%        3d14      1%          3
 Flame Wave               Conj/Fire      81%        2d18      1%          4
 Summon Lightning Spire   Summ/Air       82%        N/A       1%          4
 Vhi's Electric Charge    Tloc/Air       100%       N/A       1%          4
 Arcjolt                  Conj/Air       52%        1d62      1%          5
 Iskenderun's Battlesphe  Conj           100%       2d15      1%          5
 Bombard                  Conj/Erth      40%        9d7       4%          6
 Starburst                Conj/Fire      40%        6d12      4%          6
 Inner Flame              Hex/Fire       48%        N/A       10%         3
 Volatile Blastmotes      Fire/Tloc      98%        2d18      10%         3
 Spellforged Servitor     Conj/Summ      40%        N/A       22%         7
 Animate Armour           Summ/Erth      98%        N/A       28%         4
 Sticky Flame             Fire/Alch      49%        2d9       28%         4
 Lee's Rapid Deconstruct  Erth           24%        3d13*     58%         5
 Lehudib's Crystal Spear  Conj/Erth      40%        10d10     83%         8
 Sculpt Simulacrum        Ice/Alch       24%        N/A       98%         6
 Ozocubu's Refrigeration  Ice            24%        4d12      100%        7
 Polar Vortex             Ice            24%        12d3*     100%        9


Dungeon Overview and Level Annotations

Branches:
Dungeon (1/1)

Altars:
Cheibriados
Dithmenos
Elyvilon
Fedhas
Gozag
Hepliaklqana
Kikubaaqudgha
Makhleb
Nemelex Xobeh
Okawaru
Qazlal
Ru
Sif Muna
Trog
Uskayaw
Vehumet
Wu Jian
Xom
Yredelemnul
Zin
The Shining One
Beogh
Jiyva
Lugonu

Shops:
D ?=:*[[=*[(?=([*[

Annotations:
D Gloorx Vloq, Mnoleg


Innate Abilities, Weirdness & Mutations

You are too large for most types of armour.
You have a pair of small horns on your head.
You have tough skin. (AC +1)
You gain doubled healing and magic from potions.
Whenever you drink a healing potion, you attack all around you.
You possess an exceptional clarity of mind.
Your mind is acute. (Int +4, Str/Dex -1)
Your spells are a little harder to cast, but a little more powerful.
You have hidden genetic potential.
You expend magic power (3 MP) to strengthen your wands.


Message History

The large abomination completely resists.
Mnoleg tail-slaps you but does no damage.
Mnoleg trunk-slaps you but does no damage.
Mnoleg tentacle-slaps you!
* * * LOW HITPOINT WARNING * * *
The tentacled monstrosity tentacle-slaps you but does no damage. x3
The tentacled monstrosity constricts you.
Mnoleg calls on the powers of chaos!
The large abomination is filled with an inner flame.
The Executioner is filled with an inner flame.
The Executioner seems to grow stronger.
The tentacled monstrosity suddenly seems more agile.
Gloorx Vloq seems to grow stronger.
You crush Mnoleg like a grape!!! Your headbutt misses Mnoleg.
Mnoleg is lightly wounded.
You are engulfed in dark miasma.
You are more poisoned.
* * * LOW HITPOINT WARNING * * *
You feel very sick.
The tentacled monstrosity tentacle-slaps you but does no damage.
The tentacled monstrosity closely misses you.
The tentacled monstrosity tentacle-slaps you but does no damage.
The tentacled monstrosity constricts you.
* * * LOW HITPOINT WARNING * * *
Mnoleg gestures.
Unknown command.
You miss Mnoleg. Your headbutt misses Mnoleg.
Mnoleg is lightly wounded.
You are engulfed in dark miasma.
You feel yourself slow down.
* * * LOW HITPOINT WARNING * * *
You feel very sick.
The tentacled monstrosity tentacle-slaps you but does no damage.
The tentacled monstrosity tentacle-slaps you.
* * * LOW HITPOINT WARNING * * *
The tentacled monstrosity tentacle-slaps you but does no damage.
The tentacled monstrosity constricts you.
* * * LOW HITPOINT WARNING * * *
Mnoleg tentacle-slaps you!!
You die...
Your body crumbles into a pile of gold.

▓.▓.▓.▓.▓)▓.▓.▓.▓[
▓1▓.▓.▓.▓)▓.▓'▓.▓∩
▓1▓.▓.▓.▓)▓.▓.▓.▓)
▓&▓.▓'▓.▓)▓.▓'▓.▓.
▓X▓.▓.▓.▓.▓.▓.▓.▓.
▓X▓.▓.▓.▓)▓.▓∩▓.▓[
▓X▓)▓.▓.♣.♣.▓.▓.▓)
▓&▓.▓.▓.♣)♣.▓.▓.▓[
▓@▓.▓.▓.♣)♣.▓.▓.▓.
▓X▓.▓.▓.♣.♣.▓.▓.▓.
▓°▓.▓.▓.♣)♣.▓.▓.▓.
▓.▓.▓.▓.♣.♣.▓)▓.▓)
▓.▓.▓.▓.♣)♣.▓'▓.▓)
▓.▓.▓.▓.♣.♣.▓.▓.▓.
▓.▓.▓'▓.♣)♣.▓.▓.▓.
▓.▓.▓.▓.♣.♣.▓.▓.▓.
▓.▓.▓.▓.♣)♣.▓.▓.▓)


You could see Mnoleg, Gloorx Vloq (strong), a tentacled monstrosity (summoned,
agile), 2 Executioners and 3 large abominations.

Vanquished Creatures
  Cerebov (D)
  Antaeus (D)
  Asmodeus (D)
  Lom Lobon (D)
  the Royal Jelly (D)
  Dispater (D)
  2 ancient liches (D)
  Mara (D)
  Frederick (D)
  2 orbs of fire (D)
  Mennas (D)
  3 royal mummies (D)
  Sojobo (D)
  2 Killer Klowns (D)
  Margery (D)
  Geryon (D)
  6 golden dragons (D)
  2 bone dragons (D)
  2 electric golems (D)
  Rupert (D)
  4 tentacled monstrosities (D)
  A hellephant (D)
  5 liches (D)
  A walking earthen tome (D)
  26 Orb Guardians (D)
  3 deep elf blademasters (D)
  A quicksilver dragon (D)
  2 deep elf master archers (D)
  A titan (D)
  13 acid blobs (D)
  14 sphinxes (D)
  A tentacled starspawn (D)
  An Executioner (D)
  9 shadow dragons (D)
  Kirke (D)
  4 tengu reavers (D)
  3 protean progenitors (D)
  2 draconian monks (D)
  3 storm dragons (D)
  3 fire giants (D)
  3 nagarajas (D)
  4 azure jellies (D)
  Ilsuiw (D)
  3 rockslimes (D)
  2 draconian knights (D)
  A draconian shifter (D)
  5 emperor scorpions (D)
  Louise (D)
  3 ghost moths (D)
  A draconian scorcher (D)
  5 vault wardens (D)
  3 deep elf sorcerers (D)
  2 quicksilver oozes (D)
  3 draconian annihilators (D)
  5 stone giants (D)
  3 draconian stormcallers (D)
  An ironbound thunderhulk (D)
  2 very ugly things (D)
  4 ironbound preservers (D)
  6 vampire knights (D)
  An eleionoma (D)
  2 green draconians (D)
  A deep elf death mage (D)
  2 black draconians (D)
  2 purple draconians (D)
  2 deep elf demonologists (D)
  2 deep elf annihilators (D)
  5 white draconians (D)
  A dire elephant (D)
  3 red draconians (D)
  Azrael (D)
  3 spark wasps (D)
  A yellow draconian (D)
  A blizzard demon (D)
  A bunyip (D)
  4 ettins (D)
  4 merfolk impalers (D)
  A yaktaur captain (D)
  8 mummy priests (D)
  4 merfolk javelineers (D)
  3 deep elf high priests (D)
  5 fire dragons (D)
  A great orb of eyes (D)
  An entropy weaver (D)
  25 vault guards (D)
  8 hydras (D)
  5 ice dragons (D)
  2 ogre magi (D)
  A ghost crab (D)
  A spriggan air mage (D)
  2 merfolk avatars (D)
  A peacekeeper (D)
  An alligator (D)
  An anaconda (D)
  2 merfolk aquamancers (D)
  A centaur warrior (D)
  Erica (D)
  2 two-headed ogres (D)
  8 orc high priests (D)
  2 deep troll earth magi (D)
  2 deep troll shamans (D)
  3 naga warriors (D)
  5 demonic crawlers (D)
  A thrashing horror (D)
  3 hell knights (D)
  A naga sharpshooter (D)
  A shock serpent (D)
  12 spriggans (D)
  4 spriggan berserkers (D)
  A wretched star (D)
  A goliath frog (D)
  3 sea snakes (D)
  5 swamp dragons (D)
  An orb spider (D)
  2 glowing orange brains (D)
  An arcanist (D)
  A bog body (D)
  3 ironbound convokers (D)
  8 orc knights (D)
  A lindwurm (D)
  A necromancer (D)
  3 deep elf pyromancers (D)
  A harpy (shapeshifter) (D)
  3 wolf spiders (D)
  A cyclops (D)
  A manticore (D)
  An orc sorcerer (D)
  An elephant (D)
  5 guardian serpents (D)
  10 moths of wrath (D)
  A merfolk siren (D)
  3 vault sentinels (D)
  2 black mambas (D)
  Joseph (D)
  5 cane toads (D)
  2 naga magi (D)
  A torpor snail (D)
  An unseen horror (D)
  A rime drake (D)
  4 yaktaurs (D)
  A freezing wraith (D)
  A troll (D)
  A tengu conjurer (D)
  A wandering mushroom (D)
  17 guardian mummies (D)
  A queen bee (shapeshifter) (D)
  A bloated husk (D)
  4 merfolk (D)
  A hornet (D)
  3 tyrant leeches (D)
  A blink frog (shapeshifter) (D)
  2 wind drakes (D)
  2 glass eyes (D)
  A tarantella (D)
  A blink frog (D)
  2 slime creatures (D)
  2 small abominations (D)
  2 water elementals (D)
  A vampire (D)
  2 yaks (D)
  3 hogs (D)
  A basilisk (D)
  A fire elemental (D)
  A golden eye (D)
  3 vampire mosquitoes (D)
  5 redbacks (D)
  4 nagas (D)
  2 water moccasins (D)
  2 hell hounds (D)
  A swamp drake (D)
  10 orc warriors (D)
  A black bear (D)
  2 wolves (D)
  A centaur (D)
  2 bullfrogs (D)
  A scorpion (D)
  A howler monkey (D)
  A jelly (D)
  2 orc priests (D)
  5 orc wizards (D)
  A hell rat (D)
  An adder (D)
  A shadow imp (D)
  5 orcs (D)
  An endoplasm (D)
  A giant cockroach (D)
  2 kobolds (D)
  A quokka (D)
  2 aspiring fleshes (D)
528 creatures vanquished.

Vanquished Creatures (others)
  A very ugly thing (D)
  A swamp dragon (D)
  A black mamba (D)
  A hog (D)
  2 humans (D)
  An orc wizard (D)
  4 ball lightnings (D)
11 creatures vanquished.

Grand Total: 539 creatures vanquished

Notes
Turn   | Place    | Note
-------+----------+-------------------------------------------
     0 | D        | rocky1 the Oni Gladiator began the quest for the Orb.
     0 | D        | Reached XP level 1. HP: 22/22 MP: 1/1
    22 | D        | Noticed a jelly
    22 | D        | Noticed an orc priest
    22 | D        | Noticed a scorpion
    25 | D        | Killed a scorpion
    26 | D        | Reached XP level 2. HP: 32/32 MP: 2/2
    26 | D        | Reached XP level 3. HP: 39/39 MP: 3/3
    26 | D        | Reached XP level 4. HP: 48/48 MP: 4/4
    29 | D        | Reached skill level 5 in Dodging
    33 | D        | Reached skill level 5 in Fighting
    33 | D        | Reached XP level 5. HP: 57/57 MP: 5/5
   198 | D        | Found a roughly hewn altar of Beogh.
   198 | D        | Found a snail-covered altar of Cheibriados.
   198 | D        | Found a shadowy altar of Dithmenos.
   198 | D        | Found a white marble altar of Elyvilon.
   198 | D        | Found a blossoming altar of Fedhas.
   198 | D        | Found an opulent altar of Gozag.
   199 | D        | Found a hazy altar of Hepliaklqana.
   200 | D        | Found a viscous altar of Jiyva.
   201 | D        | Found an ancient bone altar of Kikubaaqudgha.
   202 | D        | Found a corrupted altar of Lugonu.
   203 | D        | Found a burning altar of Makhleb.
   204 | D        | Found a sparkling altar of Nemelex Xobeh.
   205 | D        | Found an iron altar of Okawaru.
   206 | D        | Became a worshipper of Gozag Ym Sagoz the Greedy
   207 | D        | Found a stormy altar of Qazlal.
   208 | D        | Found a sacrificial altar of Ru.
   209 | D        | Found a shimmering blue altar of Sif Muna.
   210 | D        | Found a bloodstained altar of Trog.
   211 | D        | Found a hide-covered altar of Uskayaw.
   212 | D        | Found a radiant altar of Vehumet.
   213 | D        | Found an ornate altar of the Wu Jian Council.
   214 | D        | Found a shimmering altar of Xom.
   215 | D        | Found a basalt altar of Yredelemnul.
   216 | D        | Found a glowing silver altar of Zin.
   217 | D        | Found a glowing golden altar of the Shining One.
   255 | D        | Noticed a troll
   255 | D        | Noticed an orc warrior
   255 | D        | Noticed a centaur
   255 | D        | Noticed a two-headed ogre
   255 | D        | Noticed a two-headed ogre
   255 | D        | Noticed a vampire
   261 | D        | Killed a vampire
   262 | D        | Reached XP level 6. HP: 27/67 MP: 6/6
   267 | D        | Killed a two-headed ogre
   268 | D        | Reached skill level 1 in Stealth
   268 | D        | Reached XP level 7. HP: 63/80 MP: 7/7
   268 | D        | Reached XP level 8. HP: 69/88 MP: 8/8
   275 | D        | Killed a two-headed ogre
   276 | D        | Reached skill level 10 in Dodging
   287 | D        | Killed a troll
   288 | D        | Reached skill level 15 in Maces & Flails
   288 | D        | Reached XP level 9. HP: 40/98 MP: 9/9
   938 | D        | Noticed a deep elf pyromancer
   938 | D        | Noticed a seven-headed hydra
   938 | D        | Noticed a deep elf pyromancer
   944 | D        | Killed a deep elf pyromancer
   949 | D        | Killed a seven-headed hydra
   950 | D        | Reached skill level 10 in Fighting
   954 | D        | Killed an unseen horror
   955 | D        | Reached XP level 10. HP: 40/110 MP: 10/10
   955 | D        | Killed a deep elf pyromancer
  1558 | D        | Noticed a cane toad
  1559 | D        | Noticed a cane toad
  1569 | D        | Killed a cane toad
  1570 | D        | Reached skill level 1 in Armour
  1890 | D        | Killed a cane toad
  2129 | D        | Noticed a four-headed hydra
  2129 | D        | Noticed a cane toad
  2135 | D        | Killed a cane toad
  2136 | D        | Noticed a black mamba
  2138 | D        | Killed a four-headed hydra
  2145 | D        | Noticed an elephant
  2643 | D        | Reached XP level 11. HP: 119/123 MP: 11/11
  3056 | D        | Reached skill level 5 in Armour
  3082 | D        | HP: 9/189 [poisoned by a cane toad]
  3086 | D        | HP: 4/126 [poisoned by a cane toad]
  3543 | D        | Bought a +2 robe of fire resistance for 247 gold pieces
  3543 | D        | Bought the +3 hat of the Harp {Regen+ rCorr Int-3 Slay+5}
                  | for 648 gold pieces
  3644 | D        | Noticed an orc knight
  3654 | D        | Noticed an orc knight
  3656 | D        | Killed an orc knight
  3674 | D        | Killed an orc knight
  3684 | D        | Noticed an orc sorcerer
  3693 | D        | Killed an orc sorcerer
  3703 | D        | Noticed an orc knight
  3717 | D        | Killed an orc knight
  3892 | D        | Found Qofufobosh's Distillery.
  3892 | D        | Noticed an orc knight
  3892 | D        | Noticed an orc high priest
  3892 | D        | Noticed an orc knight
  3892 | D        | Noticed an orc knight
  3892 | D        | Noticed an orc high priest
  3893 | D        | Noticed an orc high priest
  3897 | D        | Killed an orc high priest
  3899 | D        | Killed an orc knight
  3900 | D        | Noticed an orc high priest
  3903 | D        | Killed an orc knight
  3909 | D        | Found Haunwolo's General Store.
  3909 | D        | Noticed a soul eater
  3910 | D        | Killed an orc high priest
  3911 | D        | Reached XP level 12. HP: 62/140 MP: 9/12
  3912 | D        | Gained mutation: You are vulnerable to cold. (rC-) [a
                  | neqoxec]
  3913 | D        | Noticed an orc high priest
  3916 | D        | Noticed an orc high priest
  3921 | D        | Found Caiwian's Armour Boutique.
  3925 | D        | Killed an orc high priest
  3929 | D        | Killed an orc high priest
  3934 | D        | Killed an orc high priest
  3935 | D        | Found Mosyadah's Antique Weapon Shop.
  3935 | D        | Noticed an orc high priest
  3936 | D        | Noticed an orc high priest
  3944 | D        | Killed an orc high priest
  3958 | D        | Killed an orc high priest
  3960 | D        | Killed an orc high priest
  4030 | D        | Bought a potion of resistance for 130 gold pieces
  4030 | D        | Bought a scroll of brand weapon for 123 gold pieces
  4032 | D        | Bought a potion of heal wounds for 60 gold pieces
  4032 | D        | Bought a potion of heal wounds for 60 gold pieces
  4032 | D        | Bought a potion of might for 48 gold pieces
  4032 | D        | Bought 2 potions of curing for 72 gold pieces
  4032 | D        | Bought a potion of magic for 96 gold pieces
  4032 | D        | Bought 2 potions of curing for 72 gold pieces
  4032 | D        | Bought a potion of brilliance for 48 gold pieces
  4032 | D        | Bought a potion of degeneration for 12 gold pieces
  4032 | D        | Bought a potion of attraction for 36 gold pieces
  4073 | D        | Noticed Erica
  4077 | D        | Killed Erica
  4098 | D        | Noticed Joseph
  4104 | D        | Paralysed by Joseph for 2 turns
  4106 | D        | Killed Joseph
  4321 | D        | Noticed a spark wasp
  4330 | D        | Noticed an ice dragon
  4332 | D        | Noticed a red very ugly thing
  4334 | D        | Noticed a white very ugly thing
  4336 | D        | Noticed a white very ugly thing
  4337 | D        | Killed a spark wasp
  4339 | D        | Noticed a spriggan berserker
  4345 | D        | Killed a red very ugly thing
  4346 | D        | Reached XP level 13. HP: 75/148 MP: 13/13
  4354 | D        | Killed a brown very ugly thing
  4355 | D        | Killed a white very ugly thing
  4363 | D        | Killed an ice dragon
  4364 | D        | Reached skill level 27 in Maces & Flails
  4535 | D        | Noticed Rupert
  4542 | D        | Killed Rupert
  4543 | D        | Reached skill level 15 in Fighting
  4866 | D        | Bought the amulet "Atoal" {Faith Rampage Fly rCorr Str+2}
                  | for 883 gold pieces
  4866 | D        | Bought the ring of Divine Compulsion {Fly rN+ Will+ Stlth+}
                  | for 556 gold pieces
  4866 | D        | Bought the ring "Evvolixi" {rF+ rC+ Str+3} for 679 gold
                  | pieces
  4989 | D        | Reached skill level 10 in Armour
  5272 | D        | Noticed a bunyip
  5296 | D        | Killed a bunyip
  5301 | D        | Noticed an eleionoma
  5310 | D        | Killed an eleionoma
  5316 | D        | Reached XP level 14. HP: 101/179 MP: 14/14
  5566 | D        | Noticed Kirke
  5575 | D        | Noticed Azrael
  5578 | D        | Killed Kirke
  5584 | D        | Killed Azrael
  5769 | D        | Noticed a stone giant
  5780 | D        | Killed a stone giant
  5969 | D        | Noticed a fire giant
  5980 | D        | Killed a fire giant
  5981 | D        | Noticed a sphinx
  5984 | D        | Killed a sphinx
  5985 | D        | Reached skill level 27 in Fighting
  6054 | D        | Reached skill level 1 in Invocations
  6067 | D        | Reached skill level 1 in Spellcasting
  6067 | D        | Reached skill level 1 in Translocations
  6067 | D        | Reached skill level 1 in Fire Magic
  6101 | D        | Bought 2 potions of curing for 78 gold pieces
  6101 | D        | Bought a potion of mutation for 104 gold pieces
  6101 | D        | Bought a potion of berserk rage for 65 gold pieces
  6101 | D        | Bought a potion of brilliance for 52 gold pieces
  6101 | D        | Bought a potion of curing for 39 gold pieces
  6101 | D        | Bought a potion of invisibility for 104 gold pieces
  6101 | D        | Bought a potion of heal wounds for 65 gold pieces
  6101 | D        | Bought a potion of heal wounds for 65 gold pieces
  6104 | D        | Noticed a stone giant
  6109 | D        | Reached skill level 1 in Short Blades
  6109 | D        | Reached skill level 1 in Axes
  6109 | D        | Reached skill level 1 in Polearms
  6109 | D        | Reached skill level 1 in Staves
  6109 | D        | Reached skill level 1 in Summonings
  6109 | D        | Reached skill level 1 in Necromancy
  6109 | D        | Reached skill level 1 in Ice Magic
  6109 | D        | Reached skill level 1 in Air Magic
  6109 | D        | Reached skill level 1 in Earth Magic
  6109 | D        | Reached skill level 1 in Alchemy
  6109 | D        | Reached skill level 1 in Evocations
  6109 | D        | Reached skill level 1 in Shapeshifting
  6112 | D        | Reached skill level 1 in Long Blades
  6112 | D        | Reached skill level 1 in Shields
  6112 | D        | Reached skill level 1 in Unarmed Combat
  6112 | D        | Reached skill level 1 in Conjurations
  6112 | D        | Reached skill level 1 in Hexes
  6114 | D        | Killed a stone giant
  6115 | D        | Reached skill level 1 in Ranged Weapons
  6270 | D        | Bought a scroll of enchant weapon for 112 gold pieces
  6270 | D        | Bought a scroll of fear for 60 gold pieces
  6270 | D        | Bought a scroll of revelation for 112 gold pieces
  6270 | D        | Bought a scroll of enchant weapon for 112 gold pieces
  6277 | D        | Noticed a vault warden
  6277 | D        | Noticed an ironbound preserver
  6277 | D        | Noticed an ironbound thunderhulk
  6282 | D        | Killed an ironbound thunderhulk
  6284 | D        | Killed an ironbound preserver
  6292 | D        | Noticed a vault warden
  6293 | D        | Killed a vault warden
  6300 | D        | Noticed a vault warden
  6303 | D        | Noticed a vault warden
  6308 | D        | Killed a vault warden
  6309 | D        | Noticed an ironbound preserver
  6310 | D        | Reached XP level 15. HP: 154/206 MP: 18/18
  6323 | D        | Killed a vault warden
  6327 | D        | Killed a vault warden
  6581 | D        | Noticed Louise
  6582 | D        | Noticed a tengu reaver
  6582 | D        | Noticed Sojobo
  6583 | D        | Noticed a tengu reaver
  6589 | D        | Killed a tengu reaver
  6595 | D        | Killed Louise
  6595 | D        | Paralysed by an air elemental for 1 turns
  6611 | D        | Killed Sojobo
  6614 | D        | Killed a tengu reaver
  6646 | D        | Identified the orb of Purpose {*channel, Rampage Slay+3
                  | Stlth+}
  6646 | D        | Noticed Frederick
  6653 | D        | Killed Frederick
  6654 | D        | Reached skill level 15 in Dodging
  6783 | D        | Found the +8 longbow "Zephyr" {speed, Dex+3 SInv}
  6788 | D        | Found the +2 hood of the Assassin {Detect Stab+ Stlth++}
  6845 | D        | Bought a book of Spectacle for 720 gold pieces
  6845 | D        | Bought a book of Flames for 420 gold pieces
  6845 | D        | Bought the Codex of Breezy Chilblains for 600 gold pieces
  6845 | D        | Bought a book of Power for 630 gold pieces
  6845 | D        | Bought a book of Ice for 750 gold pieces
  6845 | D        | Bought a book of Iron for 480 gold pieces
  6854 | D        | Learned a level 8 spell: Maxwell's Capacitive Coupling
  6950 | D        | Reached skill level 15 in Armour
  6960 | D        | Reached skill level 5 in Spellcasting
  6966 | D        | Reached skill level 5 in Air Magic
  6994 | D        | Got a decaying rune of Zot
  7575 | D        | Bought an embroidered scarf for 264 gold pieces
  7581 | D        | Noticed a nagaraja
  7589 | D        | Noticed a nagaraja
  7595 | D        | Noticed a nagaraja
  7601 | D        | Killed a nagaraja
  7608 | D        | Killed a nagaraja
  7610 | D        | Killed a nagaraja
  7627 | D        | Got a serpentine rune of Zot
  8037 | D        | Bought Maxwell's Memoranda for 680 gold pieces
  8037 | D        | Bought a potion of heal wounds for 85 gold pieces
  8037 | D        | Bought a phantom mirror for 680 gold pieces
  8041 | D        | Noticed Ilsuiw
  8051 | D        | Killed Ilsuiw
  8052 | D        | Reached skill level 10 in Spellcasting
  8063 | D        | Reached skill level 10 in Air Magic
  8066 | D        | Reached XP level 16. HP: 133/217 MP: 30/30
  8095 | D        | Got a barnacled rune of Zot
  8514 | D        | Got a gossamer rune of Zot
  8751 | D        | Noticed Mennas
  8776 | D        | Killed Mennas
  8777 | D        | Reached skill level 15 in Air Magic
  8785 | D        | Noticed Margery
  8785 | D        | Noticed a hellephant
  8796 | D        | Killed Margery
  8797 | D        | Reached skill level 15 in Spellcasting
  8799 | D        | Killed a hellephant
  9549 | D        | Noticed a golden dragon
  9561 | D        | Noticed a sphinx
  9564 | D        | Reached XP level 17. HP: 156/226 MP: 39/39
  9571 | D        | Killed a golden dragon
  9581 | D        | Killed a sphinx
  9801 | D        | Bought the amulet of Vitality {RegenMP++ Regen++} for 1400
                  | gold pieces
  9801 | D        | Found the amulet of Vitality {RegenMP++ Regen++}
  9832 | D        | Noticed a titan
  9832 | D        | Noticed a golden dragon
  9840 | D        | Killed a golden dragon
  9849 | D        | Identified the +4 short sword of Departure {flame, Int+3}
  9853 | D        | Killed a titan
  9877 | D        | Identified the ring "Veclo" {rF+ Will+}
  9886 | D        | Got Sif Muna's Almanac of Bedrock
  9891 | D        | Got a silver rune of Zot
 10136 | D        | Got the ring of Kiarr {Fly rPois rF- Str+3 Dex+9}
 10138 | D        | Got a ring "Varroh" {Str+3 Int+2 Dex+3 SInv}
 10142 | D        | Got the ring of Impatience {rElec rCorr Str+4 Dex+6}
 10144 | D        | Got the ring "Fewaysa" {Wiz rC+ Will+}
 10155 | D        | Found the +11 plutonium sword {^Contam Stlth-}
 10185 | D        | Got the +0 cloak of Liberty {Rampage rElec}
 10670 | D        | Noticed Mara
 10680 | D        | Noticed rocky1's illusion
 10690 | D        | Killed Mara
 10752 | D        | Noticed a walking earthen tome
 10752 | D        | Noticed a golden dragon
 10754 | D        | Killed a golden dragon
 10764 | D        | Killed a walking earthen tome
 10815 | D        | Learned a level 9 spell: Chain Lightning
 10823 | D        | Noticed a bone dragon
 10831 | D        | Noticed a bone dragon
 10839 | D        | Killed a bone dragon
 10847 | D        | Killed a bone dragon
 10858 | D        | Reached skill level 5 in Conjurations
 10933 | D        | Reached XP level 18. HP: 153/236 MP: 45/45
 11196 | D        | Bought a potion of heal wounds for 50 gold pieces
 11196 | D        | Bought a potion of heal wounds for 50 gold pieces
 11196 | D        | Bought a potion of ambrosia for 80 gold pieces
 11196 | D        | Bought 2 potions of curing for 60 gold pieces
 11196 | D        | Bought a potion of invisibility for 80 gold pieces
 11196 | D        | Bought 2 potions of curing for 60 gold pieces
 11196 | D        | Bought a potion of heal wounds for 50 gold pieces
 11198 | D        | Noticed a tentacled monstrosity
 11198 | D        | Noticed a golden dragon
 11205 | D        | Killed a tentacled monstrosity
 11208 | D        | Noticed a tentacled monstrosity
 11223 | D        | Killed a tentacled monstrosity
 11228 | D        | Killed a golden dragon
 11239 | D        | Reached skill level 27 in Air Magic
 11476 | D        | Learned a level 5 spell: Silence
 11488 | D        | Noticed a quicksilver dragon
 11488 | D        | Noticed a tentacled monstrosity
 11493 | D        | Killed a tentacled monstrosity
 11500 | D        | Killed a quicksilver dragon
 11504 | D        | Reached skill level 10 in Conjurations
 11902 | D        | Noticed an Orb Guardian
 11902 | D        | Noticed an Orb Guardian
 11902 | D        | Noticed an Orb Guardian
 11902 | D        | Noticed an Orb Guardian
 11902 | D        | Noticed an Orb Guardian
 11902 | D        | Noticed an Orb Guardian
 11908 | D        | Killed an Orb Guardian
 11913 | D        | Killed an Orb Guardian
 11913 | D        | Noticed an Orb Guardian
 11915 | D        | Killed an Orb Guardian
 11921 | D        | Killed an Orb Guardian
 11925 | D        | Killed an Orb Guardian
 11927 | D        | Killed an Orb Guardian
 11928 | D        | Killed an Orb Guardian
 11928 | D        | Noticed an Orb Guardian
 11929 | D        | Noticed an Orb Guardian
 11930 | D        | Noticed an Orb Guardian
 11936 | D        | Killed an Orb Guardian
 11940 | D        | Killed an Orb Guardian
 11941 | D        | Killed an Orb Guardian
 11973 | D        | Bought ancient acid dragon scales for 1215 gold pieces
 11973 | D        | Identified the +5 acid dragon scales "Xar Siul" {rN++
                  | rCorr} (You bought it in a shop in the Dungeon)
 11985 | D        | Noticed a tentacled monstrosity
 11985 | D        | Noticed an Orb Guardian
 11985 | D        | Noticed an Orb Guardian
 11988 | D        | Noticed an Orb Guardian
 11996 | D        | Noticed an Orb Guardian
 12000 | D        | Killed an Orb Guardian
 12003 | D        | Killed an Orb Guardian
 12007 | D        | Killed a tentacled monstrosity
 12010 | D        | Reached skill level 27 in Spellcasting
 12012 | D        | Killed an Orb Guardian
 12019 | D        | Killed an Orb Guardian
 12053 | D        | Bought the +2 giant club "Ypniuden" {heavy, rF- Int+3 Dex+3
                  | SInv} for 536 gold pieces
 12053 | D        | Bought a potion of might for 72 gold pieces
 12053 | D        | Bought a scroll of poison for 72 gold pieces
 12058 | D        | Noticed a deep elf blademaster
 12058 | D        | Noticed an electric golem
 12058 | D        | Noticed an orb of fire
 12058 | D        | Noticed a deep elf blademaster
 12058 | D        | Noticed an ancient lich
 12070 | D        | Killed an ancient lich
 12097 | D        | Gained mutation: You are clumsy. (Dex -2) [an orb of fire]
 12106 | D        | Gained mutation: Your magical capacity is low. (-10% MP)
                  | [an orb of fire]
 12107 | D        | Killed an orb of fire
 12108 | D        | Reached XP level 19. HP: 181/245 MP: 45/45
 12110 | D        | Lost mutation: You are vulnerable to cold. (rC-) [potion of
                  | mutation]
 12110 | D        | Lost mutation: You are clumsy. (Dex -2) [potion of
                  | mutation]
 12110 | D        | Lost mutation: Your magical capacity is low. (-10% MP)
                  | [potion of mutation]
 12110 | D        | Gained mutation: You are dopey. (Int -2) [potion of
                  | mutation]
 12110 | D        | Gained mutation: Your flesh is cold resistant. (rC+)
                  | [potion of mutation]
 12110 | D        | Gained mutation: You are somewhat resistant to further
                  | mutation. [potion of mutation]
 12125 | D        | Killed an electric golem
 12354 | D        | Noticed an orb of fire
 12354 | D        | Noticed an electric golem
 12354 | D        | Noticed a golden dragon
 12354 | D        | Noticed a golden dragon
 12359 | D        | Noticed a Killer Klown
 12369 | D        | Killed an electric golem
 12373 | D        | Killed an orb of fire
 12382 | D        | Killed a golden dragon
 12384 | D        | Noticed an ancient lich
 12386 | D        | Killed a golden dragon
 12395 | D        | Noticed a Killer Klown
 12402 | D        | Killed a Killer Klown
 12409 | D        | Killed an ancient lich
 12425 | D        | Reached skill level 27 in Armour
 12426 | D        | Killed a Killer Klown
 13100 | D        | Reached skill level 5 in Shields
 13103 | D        | Reached skill level 15 in Conjurations
 13155 | D        | Reached skill level 10 in Shields
 13921 | D        | Reached XP level 20. HP: 206/256 MP: 51/51
 13933 | D        | Reached skill level 15 in Shields
 13955 | D        | Noticed the Royal Jelly
 13981 | D        | Killed the Royal Jelly
 14600 | D        | Got a slimy rune of Zot
 14632 | D        | Got an elven rune of Zot
 14881 | D        | Bought a scroll of torment for 152 gold pieces
 14881 | D        | Bought a scroll of summoning for 152 gold pieces
 14881 | D        | Bought a scroll of poison for 64 gold pieces
 14881 | D        | Bought a scroll of fear for 64 gold pieces
 14881 | D        | Bought a scroll of vulnerability for 64 gold pieces
 14881 | D        | Bought a scroll of blinking for 120 gold pieces
 14881 | D        | Bought a scroll of enchant weapon for 120 gold pieces
 14985 | D        | Reached skill level 5 in Evocations
 15262 | D        | Noticed a royal mummy
 15269 | D        | Killed a royal mummy
 15318 | D        | Lost mutation: You are dopey. (Int -2) [potion of mutation]
 15318 | D        | Lost mutation: Your flesh is cold resistant. (rC+) [potion
                  | of mutation]
 15318 | D        | Gained mutation: You do not regenerate when monsters are
                  | visible. [potion of mutation]
 15318 | D        | Gained mutation: Your spells are a little harder to cast,
                  | but a little more powerful. [potion of mutation]
 15319 | D        | Lost mutation: You are somewhat resistant to further
                  | mutation. [potion of mutation]
 15319 | D        | Lost mutation: You do not regenerate when monsters are
                  | visible. [potion of mutation]
 15319 | D        | Gained mutation: You expend magic power (3 MP) to
                  | strengthen your wands. [potion of mutation]
 15319 | D        | Gained mutation: You possess an exceptional clarity of
                  | mind. [potion of mutation]
 15319 | D        | Gained mutation: Your mind is acute. (Int +4, Str/Dex -1)
                  | [potion of mutation]
 15319 | D        | Gained mutation: You have hidden genetic potential. [potion
                  | of mutation]
 15324 | D        | Noticed a royal mummy
 15324 | D        | Noticed a royal mummy
 15334 | D        | Killed a royal mummy
 15389 | D        | Killed a royal mummy
 15777 | D        | Got an abyssal rune of Zot
 15793 | D        | Got a golden rune of Zot
 16135 | D        | Noticed Geryon
 16141 | D        | Killed Geryon
 16462 | D        | Noticed Dispater
 16531 | D        | Killed Dispater
 16532 | D        | Reached XP level 21. HP: 265/265 MP: 52/52
 16584 | D        | Found the +6 sword of Cerebov {flame}
 16584 | D        | Noticed Cerebov
 16635 | D        | Killed Cerebov
 16636 | D        | Reached skill level 10 in Evocations
 17053 | D        | Noticed Lom Lobon
 17068 | D        | Killed Lom Lobon
 17166 | D        | Found the +13 sceptre of Asmodeus
 17166 | D        | Noticed Asmodeus
 17183 | D        | Killed Asmodeus
 17448 | D        | Noticed Antaeus
 17472 | D        | Killed Antaeus
 17473 | D        | Reached skill level 27 in Dodging
 17695 | D        | Noticed Mnoleg
 17729 | D        | Noticed Gloorx Vloq
 17747 | D        | HP: 12/265 [Gloorx Vloq] (2)]
 17747 | D        | HP: 4/265 [constriction[Mnoleg] (4)]
 17747 | D        | Demolished by Mnoleg

Illustrated notes

Levels and vault maps discovered:
D:        linesprint [early_d, line_temple, items_1, d_10, items_2, lair_1,
          lair_end, items_3, orc_1, orc_end, items_4, d_15, swamp_1, shoals_1,
          snake_1, spider_1, d_20, vaults_1, items_5, swamp_end, shoals_end,
          snake_end, spider_end, vaults_end, d_27, items_6, zot_1, zot_end,
          crypt_end, forest_end, elf_end, slime_end, tomb_end, abyss_end,
          pan_hell_end]

Skill      XL: |  1  2  3  4  5  6  7  8  9 10 11 12 13 14 15 16 17 18 19 20 21 |
---------------+----------------------------------------------------------------+-----
Dodging        | 4 6 7 9 10 11 12 13 15 16 19 21 26 27 | 27.0
Maces & Flails | 6 7 9 12 15 17 19 22 26 27 | 27.0
Fighting       | 4 5 6 8 9 10 11 14 21 27 | 27.0
Throwing       | 3 |  3.4
Stealth        | 1 2 |  2.5
Armour         | 4 6 12 15 16 23 27 | 27.0
Invocations    | 3 4 |  4.3
Spellcasting   | 2 10 18 23 27 | 27.0
Translocations | 2 3 |  3.2
Fire Magic     | 2 3 |  3.2
Short Blades   | 2 3 |  3.2
Axes           | 2 3 |  3.1
Polearms       | 2 3 |  3.1
Staves         | 2 3 |  3.1
Summonings     | 2 3 |  3.2
Necromancy     | 2 3 |  3.2
Ice Magic      | 2 3 |  3.2
Air Magic      | 2 10 20 26 27 | 27.0
Earth Magic    | 2 3 |  3.1
Alchemy        | 2 3 |  3.1
Evocations     | 2 9 12 | 12.9
Shapeshifting  | 2 3 |  3.2
Long Blades    | 2 |  2.8
Shields        | 2 14 21 22 | 22.9
Unarmed Combat | 2 |  2.8
Conjurations   | 2 6 12 19 24 26 | 26.0
Hexes          | 2 |  2.7
Ranged Weapons | 1 2 |  2.2

Action                     |  1- 3 |  4- 6 |  7- 9 | 10-12 | 13-15 | 16-18 | 19-21 || total
---------------------------+-------+-------+-------+-------+-------+-------+-------++-------
  Melee: Flail             |    14 |     6 |       |       |       |       |       ||    20
         Headbutt          |     2 |     3 |     6 |    41 |    85 |   132 |   182 ||   451
         Morningstar       |       |    10 |    24 |   208 |       |       |    37 ||   279
         Giant spiked club |       |       |       |    30 |   387 |   573 |   476 ||  1466
         Giant club        |       |       |       |       |       |       |    91 ||    91
  Throw: Throwing net      |       |       |       |       |       |     3 |       ||     3
   Cast: Maxwell's Capacit |       |       |       |       |       |       |     2 ||     2
 Invoke: Potion Petition   |       |       |     1 |     4 |       |     2 |     6 ||    13
         Call Merchant     |       |       |       |     1 |     7 |     5 |     3 ||    16
    Use: Potion            |     1 |     2 |     6 |     7 |     8 |     2 |    24 ||    50
         Scroll            |       |       |       |     6 |     4 |    14 |    10 ||    34
   Stab: Invisible         |       |       |     1 |     8 |       |       |       ||     9
         Distracted        |       |       |       |     3 |     5 |     6 |     4 ||    18
 Armour: Robe              |     6 |     6 |    31 |    93 |       |       |       ||   136
         Ice dragon scales |       |       |       |    16 |   283 |   169 |       ||   468
         Gold dragon scale |       |       |       |       |       |   274 |   507 ||   781
         Skin              |       |       |       |       |       |       |    51 ||    51
  Dodge: Dodged            |     7 |    14 |    22 |   110 |   139 |   148 |   146 ||   586
  Block: Tower shield      |       |       |       |       |       |       |    20 ||    20
         Reflection        |       |       |       |       |       |       |     2 ||     2

Table legend: (Time is in decaauts) A = Elapsed time spent in this place. B = Non-inter-level travel time spent in this place. C = Inter-level travel time spent in this place. D = Time resting spent in this place. E = Time spent auto-exploring this place. F = Levels seen in this place. G = Mean time per level. A B C D E F G +--------+--------+--------+--------+--------+-----+--------+ Total | 17256 | 17256 | 0 | 11287 | 0 | 1 | 17256.0 | Dungeon | 17256 | 17256 | 0 | 11287 | 0 | 1 | 17256.0 | +--------+--------+--------+--------+--------+-----+--------+

Top non-repeatable levels by time:
       D: 17256 daAuts
